 Dungeon Crawl Stone Soup version 0.30-a0-591-g3c58d2bc28 (webtiles) character file.

Game seed: 4032069428788854695

182 Gargoyl the Trooper (level 5, -3/33 HPs)
             Began as a Gargoyle Berserker on Jan 6, 2023.
             Was a Believer of Trog.
             Slain by Duvessa
             ... wielding a +2 short sword of speed
              (7 damage)
             ... on level 4 of the Dungeon.
             The game lasted 00:04:33 (2668 turns).

Gargoyl the Trooper (Gargoyle Berserker)            Turns: 2668, Time: 00:04:34

Health: -3/33      AC: 10    Str: 21    XL:     5   Next: 61%
Magic:  0/5        EV: 11    Int:  7    God:    Trog [**....]
Gold:   8          SH:  0    Dex: 11    Spells: 4/4 levels left

rFire   . . .      SeeInvis .    j - +0 war axe (venom)
rCold   . . .      Faith    .    (no shield)
rNeg    + . .      Spirit   +    n - +0 ring mail
rPois   ∞          Reflect  .    p - +0 helmet
rElec   +          Harm     .    (no cloak)
rCorr   .          Rampage  .    (no gloves)
Will    ++...                    (no boots)
Stlth   +                        r - amulet of guardian spirit
HPRegen 1.25/turn                (no ring)
MPRegen 0.09/turn                (no ring)

@: about to teleport, strong-willed, regenerating
A: sickness immunity, AC +4, negative energy resistance 1, electricity
resistance, torment resistance 1, petrification resistance
a: Renounce Religion, Berserk, Trog's Hand


You were on level 4 of the Dungeon.
You worshipped Trog.
Trog was pleased with you.
You visited 1 branch of the dungeon, and saw 4 of its levels.

You collected 202 gold pieces.
You spent 194 gold pieces at shops.

Inventory:

Hand Weapons
 c - a +0 dagger of venom
 j - a +0 war axe of venom (weapon)
Missiles
 h - 10 poisoned darts (quivered)
Armour
 n - a +0 ring mail (worn)
 p - a +0 helmet (worn)
Jewellery
 r - an amulet of guardian spirit (around neck)
Wands
 f - a wand of flame (18)
Scrolls
 k - 3 scrolls of teleportation
 q - 2 scrolls of identify
Potions
 a - a potion of flight {unknown}
 b - a potion of haste {unknown}
 e - a potion of experience
 g - a potion of mutation {unknown}
 i - 2 potions of lignification {unknown}
 l - a potion of cancellation {unknown}
 m - a potion of brilliance {unknown}
 s - a potion of degeneration {unknown}
 t - a potion of magic


   Skills:
 + Level 4.3 Fighting
 + Level 1.8 Short Blades
 + Level 3.1 Axes
 + Level 2.7 Armour
 + Level 2.5 Dodging
 + Level 2.0 Stealth


You had 4 spell levels left.
You didn't know any spells.
Your spell library was empty.

Dungeon Overview and Level Annotations

Branches:
Dungeon (4/15)
 Temple: D:4-7

Altars:

Shops:
D:3 ??

Annotations:
D:4 Dowan, Duvessa


Innate Abilities, Weirdness & Mutations

You are immune to sickness and miasma.
Your stone body is resilient. (AC +4)
You are immune to poison.
You resist negative energy. (rN+)
You are resistant to electric shocks. (rElec)
You are resistant to unholy torment.
You are immune to petrification.


Message History

Duvessa hits you with a +2 short sword of speed!
Duvessa hits you but does no damage.
Duvessa hits you with a +2 short sword of speed.
Unknown command.
You slash Duvessa!
Duvessa is moderately wounded.
Duvessa barely misses you.
Unknown command.
Duvessa hits you but does no damage. Dowan hits you but does no damage.
The jelly barely misses you.
Duvessa hits you with a +2 short sword of speed.
Items here: ))) ††.
Unknown command.
Unknown command.
Your skin crawls.
You feel strong-willed. Duvessa hits you but does no damage. Dowan misses you.
The jelly hits you but does no damage.
Duvessa hits you with a +2 short sword of speed!
* * * LOW HITPOINT WARNING * * *
Duvessa hits you but does no damage.
You feel better. Dowan hits you with a +0 dagger.
The jelly hits you but does no damage. Duvessa closely misses you.
Duvessa barely misses you.
It was a potion of magic.
Magic courses through your body. Duvessa hits you but does no damage.
Dowan misses you. The jelly hits you.
You are splashed with acid!
* * * LOW HITPOINT WARNING * * *
Duvessa closely misses you.
As you read the scroll of teleportation, it crumbles to dust.
You feel strangely unstable.
Duvessa hits you with a +2 short sword of speed.
* * * LOW HITPOINT WARNING * * *
Dowan completely misses you. The jelly hits you but does no damage.
Duvessa hits you but does no damage. Dowan attacks as you move away!
Dowan hits you but does no damage.
Duvessa hits you with a +2 short sword of speed.
* * * LOW HITPOINT WARNING * * *
Duvessa hits you with a +2 short sword of speed!
You die...

#.##.#..##.##.#.#.....
#.###...##............
#.###...#####.........
#.......# #.........
#####..######.#.######
#.........#.# #
#.#########.# # #e###
##'## # #@eJ# ##...##
# ###.# ##.....## #
... #.......###
.#.#..>......##
...+........†'. .#
#.........## .#
##.......## .#
##.....## ##...##


You could see Duvessa (fast), Dowan and a jelly.

Vanquished Creatures
  An orc priest (D:4)
  A hound (D:4)
  An orc wizard (D:4)
  3 adders
  An ufetubus (D:4)
  A worm (D:2)
  A dart slug (D:2)
  3 orcs (D:4)
  7 ball pythons
  A bat (D:2)
  4 endoplasms
  2 giant cockroaches
  6 goblins
  4 hobgoblins
  4 jackals (D:1)
  5 kobolds
  2 quokkas
  4 frilled lizards
  9 rats
60 creatures vanquished.

Notes
Turn   | Place    | Note
-------+----------+-------------------------------------------
     0 | D:1      | Gargoyl the Gargoyle Berserker began the quest for the Orb.
     0 | D:1      | Reached XP level 1. HP: 14/14 MP: 1/1
   165 | D:1      | Reached XP level 2. HP: 18/19 MP: 2/2
   788 | D:1      | Reached XP level 3. HP: 24/24 MP: 3/3
  1083 | D:2      | Reached ** piety under Trog
  1084 | D:2      | Reached skill level 4 in Fighting
  1211 | D:2      | Reached skill level 1 in Stealth
  1299 | D:2      | Reached XP level 4. HP: 19/29 MP: 4/4
  1411 | D:2      | Found a faded altar of an unknown god.
  1612 | D:3      | Reached skill level 1 in Short Blades
  1628 | D:3      | Found Gibbecri's Magic Scroll Boutique.
  1650 | D:3      | Bought a scroll of teleportation for 33 gold pieces
  1650 | D:3      | Bought a scroll of teleportation for 33 gold pieces
  1650 | D:3      | Bought a scroll of teleportation for 33 gold pieces
  1947 | D:3      | Found The Oracle's Delphic Readings.
  2471 | D:3      | Bought a scroll of brand weapon for 95 gold pieces
  2543 | D:4      | Reached XP level 5. HP: 21/33 MP: 3/5
  2650 | D:4      | Noticed Dowan
  2656 | D:4      | Noticed Duvessa
  2668 | D:4      | Slain by Duvessa

Illustrated notes

Levels and vault maps discovered:
D:1:      evilmike_arrival_home_sweet_home, layout_loops_ring, serial_rivers,
          chequers_serial_rivers_small_b, chequers_serial_rivers_small_3,
          chequers_serial_rivers_large_a, chequers_serial_rivers_micro_c
D:2:      layout_basic, ebering_ecumenical_altar_box
D:3:      layout_basic, serial_shops, shop_statue, nicolae_nh_oracle_at_delphi
D:4:      layout_loops_corners, portal_sewer_entry_d, uniq_duvessa

Skill      XL: |  1  2  3  4  5 |
---------------+----------------+-----
Axes           | 3 |  3.1
Fighting       | 4 |  4.3
Stealth        | 1 2 |  2.0
Dodging        | 2 |  2.5
Short Blades   | 1 |  1.8
Armour         | |  2.7

Action                   |  1- 3 |  4- 6 || total
-------------------------+-------+-------++-------
Melee: Dagger            |   130 |    59 ||   189
       Hand axe          |     7 |       ||     7
       War axe           |       |    18 ||    18
       Punch             |       |     1 ||     1
Invok: Trog's Hand       |       |     1 ||     1
  Use: Scroll            |     4 |     6 ||    10
       Potion            |       |     2 ||     2
 Stab: Sleeping          |     4 |     1 ||     5
Armor: Animal skin       |    41 |     6 ||    47
       Ring mail         |       |    31 ||    31
Dodge: Dodged            |    89 |    52 ||   141

Table legend: (Time is in decaauts)
 A = Elapsed time spent in this place.
 B = Non-inter-level travel time spent in this place.
 C = Inter-level travel time spent in this place.
 D = Time resting spent in this place.
 E = Time spent auto-exploring this place.
 F = Levels seen in this place.
 G = Mean time per level.
                   A        B        C        D        E       F      G
               +--------+--------+--------+--------+--------+-----+--------+
         Total |   2680 |   2568 |    112 |      0 |   1893 |   4 |  670.0 |
       Dungeon |   2680 |   2568 |    112 |      0 |   1893 |   4 |  670.0 |
               +--------+--------+--------+--------+--------+-----+--------+

Top non-repeatable levels by time:
     D:1: 1053 daAuts
     D:3: 643 daAuts
     D:2: 547 daAuts
     D:4: 435 daAuts
